 Dungeon Crawl Stone Soup version 0.31-a0-986-g5e6e4ef867 (webtiles) character file.

Game seed: 16789316873556779186

55 monsoonserge the Changeling (level 3, -1/23 HPs)
             Began as an Octopode Shapeshifter on Nov 18, 2023.
             Slain by a hobgoblin (4 damage)
             ... on level 3 of the Dungeon.
             The game lasted 00:03:03 (1726 turns).

monsoonserge the Changeling (Octopode Shapeshifter) Turns: 1726, Time: 00:03:05

Health: -1/23      AC:  1    Str: 15    XL:     3   Next: 93%
Magic:  3/3        EV: 13    Int: 12    God:
Gold:   89         SH:  0    Dex: 11    Spells: 2/2 levels left

rFire   . .          .
                       - Unarmed
rCold   . . .        (no shield)
rNeg    + . .        (helmet currently unavailable)
rPois   .            e - amulet of magic regeneration
rElec   .            f - ring of positive energy
rCorr   .            (no ring)
SInv    .            (no ring)
Will    .....        (no ring)
Stlth   ++           (no ring)
HPRegen 0.23/turn    (no ring)
MPRegen 0.48/turn    (no ring)
                     (no ring)

%: no passive effects
@: lethally poisoned (-1 -> -13), beast-form
A: beast (slay +2), almost no armour, amphibious, 8 rings, camouflage 1,
gelatinous body 1, (nimble swimmer 1), tentacles
a: Begin Untransformation


You were on level 3 of the Dungeon.
You were a hulking beast.
You visited 1 branch of the dungeon, and saw 3 of its levels.

You collected 89 gold pieces.

Inventory:

Jewellery
 e - an amulet of magic regeneration (around mantle)
 f - a ring of positive energy (left tentacle)
Talismans
 b - a beast talisman
 c - a flux talisman
 i - a blade talisman
Scrolls
 g - a scroll of fog {unknown}
 h - 2 scrolls of identify {unknown}
 l - a scroll of enchant armour {unknown}
 n - a scroll of noise {unknown}
Potions
 a - a potion of lignification
 d - a potion of degeneration {unknown}
 j - a potion of haste {unknown}
 k - 2 potions of invisibility {unknown}
 m - a potion of brilliance {unknown}


   Skills:
 + Level 1.3 Fighting
 + Level 2.2 Dodging
 - Level 1.0 Stealth
 * Level 3.3 Unarmed Combat
 + Level 3.9 Shapeshifting


You had 2 spell levels left.
You didn't know any spells.
Your spell library was empty.

Dungeon Overview and Level Annotations

Branches:
Dungeon (3/15)

Altars:

Annotations:
D:3 Terence


Innate Abilities, Weirdness & Mutations

You are a hulking beast.
Your limbs bulge with bestial killing power. (Slay +2)
You cannot wear most types of armour.
You are amphibious.
You can wear up to eight rings at the same time.
Your skin changes colour to match your surroundings (Stealth+).
Your rubbery body absorbs attacks. (AC +1, EV +1)
((You are camouflaged when in or above water. (Stealth+)))
You have tentacles for arms and can constrict up to eight enemies at once.


Message History

There is a stone staircase leading up here.
The helpless goblin fails to defend itself.
You tentacle-slap the goblin.
You kill the goblin!
You see here a +0 club.
There is a stone staircase leading up here.
A kobold comes into view. It is wielding a +0 club.
You see here 12 gold pieces.
Found an escape hatch in the ceiling.
The kobold throws a stone.
The stone hits you.
A kobold comes into view. It is wielding a +2 whip of venom.
The kobold barely misses you.
You tentacle-slap the kobold.
You kill the kobold!
Things that are here:
a +0 club; 5 stones A hobgoblin and an endoplasm come into view.
The hobgoblin misses you.
The kobold shouts!
The endoplasm quivers.
You hear a shout!
The kobold hits you with a +2 whip of venom.
You are poisoned.
The hobgoblin closely misses you.
There is an escape hatch in the ceiling, spattered with blood here.
You tentacle-slap the kobold. You grab the kobold.
The kobold is heavily wounded.
You constrict the kobold.
You feel very sick.
The kobold hits you with a +2 whip of venom!
You are more poisoned.
The hobgoblin barely misses you.
Terence the Incautious comes into view.
He is wielding a +0 falchion and carrying a wand of flame.
You tentacle-slap the hobgoblin but do no damage.
You grab the hobgoblin. You constrict the hobgoblin. You constrict the kobold.
You kill the kobold!
* * * LOW HITPOINT WARNING * * *
You feel very sick. The endoplasm closely misses you. The hobgoblin hits you.
You die...

######..##....##
.. #..# ###.# #@
###..# # ## ##.#
#.##..#
...#...#...#..#
#.#...........
##.........##.#
#......)J...#
#.....gh..#
...#....#.#
#....#.#
....#.#.#.# #.#
#.#.#.# #
#.)...# #
##....# # #.
#....# #
#.#.###.#.#.##


You could see Terence, an endoplasm and a hobgoblin.

Vanquished Creatures
  A gnoll (D:1)
  3 endoplasms
  A giant cockroach (D:1)
  7 goblins
  3 hobgoblins
  4 jackals (D:1)
  4 quokkas
  4 ball pythons
  3 bats
  A frilled lizard (D:1)
  8 kobolds
  2 rats (D:2)
41 creatures vanquished.

Notes
Turn   | Place    | Note
-------+----------+-------------------------------------------
     0 | D:1      | monsoonserge the Octopode Shapeshifter began the quest for
                  | the Orb.
     0 | D:1      | Reached XP level 1. HP: 13/13 MP: 1/1
   137 | D:1      | Reached XP level 2. HP: 18/18 MP: 2/2
   391 | D:1      | Reached XP level 3. HP: 23/23 MP: 3/3
  1282 | D:2      | Found a faded altar of an unknown god.
  1505 | D:2      | Reached skill level 1 in Stealth
  1725 | D:3      | Noticed Terence
  1726 | D:3      | Slain by a hobgoblin

Illustrated notes

Levels and vault maps discovered:
D:1:      lemuel_arrival_behind_the_door_small, layout_basic
D:2:      layout_rooms, ebering_ecumenical_altar_box
D:3:      layout_loops_ring, nicolae_gozag_seed_capital, minmay_ogre_servants,
          uniq_terence

Skill      XL: |  1  2  3 |
---------------+----------+-----
Stealth        | 1 |  1.0
Fighting       | |  1.3
Dodging        | |  2.2
Unarmed Combat | |  3.3
Shapeshifting  | |  3.9

Action                     || total
---------------------------++-------
  Melee: Unarmed           ||    68
         Constrict         ||    24
         Tentacles         ||    19
         Punch             ||     4
   Stab: Sleeping          ||     5
 Armour: Skin              ||    33
  Dodge: Dodged            ||    39

Table legend: (Time is in decaauts)
 A = Elapsed time spent in this place.
 B = Non-inter-level travel time spent in this place.
 C = Inter-level travel time spent in this place.
 D = Time resting spent in this place.
 E = Time spent auto-exploring this place.
 F = Levels seen in this place.
 G = Mean time per level.
                   A        B        C        D        E       F      G
               +--------+--------+--------+--------+--------+-----+--------+
         Total |   1724 |   1551 |    173 |     65 |   1168 |   3 |  574.7 |
       Dungeon |   1724 |   1551 |    173 |     65 |   1168 |   3 |  574.7 |
               +--------+--------+--------+--------+--------+-----+--------+

Top non-repeatable levels by time:
     D:1: 1087 daAuts
     D:2: 584 daAuts
     D:3: 52 daAuts
